 Dungeon Crawl Stone Soup version 0.21-a0-634-gaf8bc5d (webtiles) character file.

502139 theanonym the Warrior (level 25, -1/283 HPs)
             Began as a Tengu Assassin on Dec 29, 2017.
             Was a Follower of Uskayaw.
             Succumbed to Mara's poison
             ... on level 2 of the Crypt.
             The game lasted 03:09:27 (65833 turns).

theanonym the Warrior (Tengu Assassin)             Turns: 65833, Time: 03:09:27

Health: -1/283     AC: 20    Str: 31    XL:     25   Next: 24%
Magic:  37/37      EV: 28    Int: 18    God:    Uskayaw [*.....]
Gold:   1541       SH: 20    Dex: 17    Spells: 9/43 levels left

rFire    + . .     SeeInvis .   b - +9 double sword (flame)
rCold    + . .     Gourm    .   p - +5 shield {reflect} {Donald}
rNeg     . . .     Faith    +   T - +2 leather armour "Jiebas" {MR++ Str+7, 4}
rPois    .         Spirit   .   Y - +1 hat {MR+} {MR+}
rElec    .         Reflect  +   f - +2 cloak {MR+} {MR+}
rCorr    .         Harm     .   I - +2 pair of gloves {Str+3}
MR       +++++                  (boots unavailable)
Stlth    ..........             U - amulet of faith {Faith}
HPRegen  0.57/turn              H - ring of protection from fire {rF+}
MPRegen  0.25/turn              u - ring of protection from cold {rC+}

@: mighty, berserking, lethally poisoned (-1 -> -53), flying quickly and
evasively, hasted, very quick
A: beak, talons 3, rugged brown scales 1, slimy green scales 1, thin metallic
scales 1, robust 1, able to fly 2
}: 2/15 runes: decaying, serpentine
a: Stop Flying, Stomp, Renounce Religion


Innate Abilities, Weirdness & Mutations

You have a beak for a mouth.
You have claws for feet.
You can fly continuously.
You are partially covered in rugged brown scales. (AC +1, +3% HP)
You are partially covered in slimy green scales. (AC +2)
You are partially covered in thin metallic scales. (AC +2)
You are robust. (+10% HP)


   Skills:
 - Level 20.0 Fighting
 - Level 14.0(16.1) Short Blades
 - Level 13.8(16.0) Long Blades
 - Level 2.0 Throwing
 - Level 15.0 Armour
 - Level 15.0 Dodging
 - Level 5.0 Stealth
 - Level 15.0 Shields
 + Level 9.7 Spellcasting
 - Level 5.0 Hexes
 - Level 10.0 Charms
 - Level 7.7 Summonings
 - Level 5.0 Necromancy
 + Level 18.4 Air Magic
 - Level 10.0 Invocations


You had 9 spell levels left.
You knew the following spells:

 Your Spells              Type           Power        Failure   Level  Hunger
a - Tornado               Air            ######....   97%         9    #######
b - Silence               Hex/Air        ######....   1%          5    #####..
e - Airstrike             Air            ######....   1%          4    ###....
r - Regeneration          Chrm/Necr      #####.....   1%          3    None
s - Swiftness             Chrm/Air       ######..     1%          2    None
t - Deflect Missiles      Chrm/Air       ######....   3%          6    ######.
x - Aura of Abjuration    Summ           #####.....   10%         5    #####..

Skill      XL: |  1  2  3  4  5  6  7  8  9 10 11 12 13 14 15 16 17 18 19 20 21 22 23 24 25 |
---------------+----------------------------------------------------------------------------+-----
Short Blades   | 3 4 5 6 7 9 10 12 13 14 | 14.0
Shields        | 1 2 3 4 7 13 15 | 15.0
Stealth        | 5 |  5.0
Fighting       | 4 6 8 9 10 12 13 14 15 16 17 18 19 20 | 20.0
Armour         | 3 6 8 9 10 11 13 14 15 | 15.0
Dodging        | 3 5 9 11 13 14 15 | 15.0
Invocations    | 2 4 6 7 10 | 10.0
Air Magic      | 7 10 14 16 18 | 18.4
Charms         | 4 8 10 | 10.0
Spellcasting   | 2 5 9 |  9.7
Necromancy     | 2 5 |  5.0
Long Blades    | 9 13 | 13.8
Hexes          | 5 |  5.0
Summonings     | 4 7 |  7.7
Throwing       | |  2.0

Action                   |  1- 3 |  4- 6 |  7- 9 | 10-12 | 13-15 | 16-18 | 19-21 | 22-24 | 25-27 || total
-------------------------+-------+-------+-------+-------+-------+-------+-------+-------+-------++-------
Melee: Dagger            |   127 |   122 |   448 |   444 |       |       |       |       |       ||  1141
       Kick              |    22 |    20 |   129 |   188 |   713 |   784 |  1003 |   861 |    33 ||  3753
       Peck              |    17 |    16 |    81 |   114 |   404 |   478 |   618 |   562 |    31 ||  2321
       Rapier            |       |       |       |   123 |   281 |       |       |       |       ||   404
       Quick blade       |       |       |       |       |  1524 |  2068 |  2148 |   381 |       ||  6121
       Double sword      |       |       |       |       |       |       |     8 |  1253 |    93 ||  1354
 Fire: Blowgun           |       |     4 |     3 |       |       |       |       |       |       ||     7
Throw: Throwing net      |       |       |     2 |     6 |     1 |     2 |     1 |     2 |       ||    14
 Cast: Regeneration      |       |       |       |       |       |       |    11 |    24 |     2 ||    37
       Deflect Missiles  |       |       |       |       |       |       |     2 |     6 |       ||     8
       Silence           |       |       |       |       |       |       |       |     3 |     3 ||     6
       Swiftness         |       |       |       |       |       |       |       |     2 |       ||     2
       Aura of Abjuratio |       |       |       |       |       |       |       |       |     1 ||     1
Invok: Line Pass         |       |       |     2 |     1 |       |     1 |     1 |       |       ||     5
       Stomp             |       |       |     3 |     1 |     7 |    10 |    11 |     7 |       ||    39
       Grand Finale      |       |       |       |       |       |     3 |     9 |     7 |     1 ||    20
 Abil: Fly               |       |       |     9 |    15 |    16 |       |       |     1 |       ||    41
       Stop Flying       |       |       |       |       |       |       |       |     1 |       ||     1
Evoke: Wand              |       |       |    16 |     3 |    10 |     2 |       |     8 |       ||    39
       Lamp of fire      |       |       |       |       |       |     1 |     1 |     2 |     1 ||     5
       Phantom mirror    |       |       |       |       |       |       |       |       |     2 ||     2
  Use: Scroll            |       |     4 |    12 |    13 |    16 |     5 |    11 |    11 |     6 ||    78
       Potion            |       |     1 |     4 |     6 |     7 |     2 |     4 |       |     4 ||    28
 Stab: Sleeping          |     2 |     3 |    11 |     9 |    35 |    20 |    17 |    19 |       ||   116
       Invisible         |       |     2 |       |       |     5 |       |       |       |       ||     7
       Paralysed         |       |       |    12 |    25 |    97 |   137 |   139 |   161 |     4 ||   575
       Held in net/web   |       |       |     1 |     3 |       |     7 |     1 |       |       ||    12
       Distracted        |       |       |     3 |     1 |     6 |     7 |     3 |    10 |       ||    30
  Eat: Chunk             |     3 |     7 |     9 |    28 |    45 |    35 |    49 |    21 |       ||   197
       Ration            |       |     1 |     3 |     1 |       |       |       |    15 |     1 ||    21
Armor: Robe              |     2 |       |       |       |       |       |       |       |       ||     2
       Ring mail         |    31 |    37 |       |       |     1 |       |       |       |       ||    69
       Scale mail        |       |     5 |    28 |    19 |       |       |       |       |       ||    52
       Leather armour    |       |       |    45 |    54 |    50 |    33 |    42 |   123 |    11 ||   358
       Troll leather arm |       |       |       |    10 |    62 |       |       |       |       ||    72
       Swamp dragon scal |       |       |       |       |       |   142 |       |       |       ||   142
       Skin              |       |       |       |       |       |     6 |       |       |       ||     6
       Plate armour      |       |       |       |       |       |       |    55 |       |       ||    55
Dodge: Dodged            |    58 |    39 |   122 |   196 |   646 |   847 |   434 |   694 |    26 ||  3062
       Deflected         |       |       |       |       |       |       |    24 |    48 |     1 ||    73
Block: Buckler           |     7 |    23 |    71 |    92 |   211 |   181 |       |       |       ||   585
       Shield            |       |       |       |       |       |   284 |   584 |   971 |    45 ||  1884
       Reflection        |       |       |       |       |       |       |    32 |    56 |       ||    88
       Rpst.: Double sword |       |       |       |       |       |       |       |   112 |     4 ||   116

Inventory:

Hand Weapons
 a - the +8 quick blade "Loutiss" {vamp, Stlth+}
   (You acquired it on level 3 of the Lair of Beasts)

   It inflicts no extra harm, but heals its wielder when it wounds a living foe.
   It makes you more stealthy.
 b - a +9 double sword of flaming (weapon)
   (You took it off Donald on level 3 of the Vaults)
Armour
 f - a +2 cloak of magic resistance (worn) {MR+}
   (You found it on level 3 of the Elven Halls)
 g - +3 storm dragon scales {Bai Suzhen}
   (You found it on level 2 of the Crypt)
 p - a +5 shield of reflection (worn) {Donald}
   (You took it off Donald on level 3 of the Vaults)
 E - a scarf of cloud immunity
   (You found it on level 3 of the Dungeon)
 I - a +2 pair of gloves of strength (worn)
   (You found it on level 3 of the Elven Halls)
 T - the +2 leather armour "Jiebas" (worn) {MR++ Str+7, 4}
   (You found it on level 3 of the Lair of Beasts)

   It affects your strength (+7).
   It affects your resistance to hostile enchantments.
 Y - a +1 hat of magic resistance (worn) {MR+}
   (You found it on level 15 of the Dungeon)
 Z - a +2 plate armour of cold resistance {18}
   (You took it off Donald on level 3 of the Vaults)
Jewellery
 h - an uncursed ring of positive energy {rN+rN+}
   (You found it on level 4 of the Vaults)
 i - an uncursed ring of see invisible {SInv}
   (You found it on level 1 of the Dungeon)
 l - an uncursed ring of poison resistance {rPoisrPois}
   (You took it off a deep elf blademaster on level 3 of the Elven Halls)
 u - a ring of protection from cold (right hand) {rC+}
   (You found it on level 2 of the Dungeon)
 H - a ring of protection from fire (left hand) {rF+}
   (You found it on level 3 of the Snake Pit)
 P - a cursed amulet of inaccuracy
   (You found it on level 3 of the Elven Halls)
 U - an amulet of faith (around neck) {Faith}
   (You found it on level 4 of the Vaults)
Wands
 c - a wand of clouds (3)
   (You found it on level 4 of the Depths)
 d - a wand of digging (44)
   (You found it on level 4 of the Dungeon)
 v - a wand of acid (42)
   (You found it on level 6 of the Dungeon)
Scrolls
 m - 8 scrolls of enchant weapon
 o - 3 scrolls of summoning
 r - 17 scrolls of identify
 s - 10 scrolls of immolation
 t - 26 scrolls of teleportation {!r}
 y - 6 scrolls of magic mapping
 z - 2 scrolls of acquirement
 A - 6 scrolls of fear
 J - 14 scrolls of remove curse
 N - 2 scrolls of holy word
 O - 4 scrolls of silence
 R - 4 scrolls of enchant armour
 V - a scroll of brand weapon
 X - 6 scrolls of blinking
Potions
 j - 5 potions of lignification
 n - 7 potions of magic
 q - 17 potions of heal wounds
 w - 19 potions of curing
 x - 6 potions of might
 B - a potion of resistance {rF+ rC+}
 F - 4 potions of invisibility
 K - 2 potions of berserk rage
 L - 4 potions of haste
 M - 3 potions of ambrosia
 Q - 6 potions of agility
 S - 8 potions of brilliance
 W - 2 potions of cancellation
Miscellaneous
 k - a lamp of fire (inert)
   (You found it on level 1 of the Snake Pit)
 D - a fan of gales
   (You found it in an ice cave)
Comestibles
 e - 75 rations


You were on level 2 of the Crypt.
You worshipped Uskayaw.
Uskayaw was aware of your devotion.
You were not hungry.

You visited 10 branches of the dungeon, and saw 45 of its levels.
You visited 1 bazaar.
You also visited: Sewer, Ice Cave, Volcano and Wizlab.

You collected 5952 gold pieces.
You spent 4411 gold pieces at shops.

Dungeon Overview and Level Annotations

Branches:
Dungeon (15/15)            Temple (1/1) D:4            Lair (6/6) D:9
  Swamp (4/4) Lair:3        Snake (4/4) Lair:4        Slime (0/5) Lair:5
    Orc (2/2) D:11            Elf (3/3) Orc:2        Vaults (4/5) D:13
  Crypt (2/3) Vaults:3     Depths (4/5) D:15

Altars:
Ashenzari
Cheibriados
Dithmenos
Elyvilon
Fedhas
Gozag
Hepliaklqana
Kikubaaqudgha
Makhleb
Nemelex Xobeh
Okawaru
Qazlal
Ru
Sif Muna
Trog
Uskayaw
Vehumet
Wu Jian
Xom
Yredelemnul
Zin
The Shining One
Beogh
Jiyva
Lugonu

Shops:
D:4 !   D:8 *   D:9 *   D:10 :!(}   D:14 !(:   Orc:1 (%?[   Orc:2 (:!}?
Elf:1 }*}   Elf:3 %=}=}::%   Snake:3 }%=:   Vaults:2 **(   Depths:4 *(

Portals:
Hell: Depths:1 Depths:2 Depths:3 Depths:4
Abyss: Depths:1 Depths:2 Depths:4
Pandemonium: Depths:3
Trove: Depths:2 (show abyssal rune of Zot)

Annotations:
Crypt:2 Mara
Depths:3 exclusions: cacodemon, 3 doors and 1 more exclusion
Depths:4 6 runed doors


Message History

Mara blinks!
Mara blinks!
Mara hits the acid dragon zombie with a demon whip of venom!
Mara blinks!
There is an open door here.
Mara hits Mara with a demon whip of venom!
Mara gestures at you. You resist with almost no effort. Mara gestures at you.
You deflect the bolt of fire!
You feel less protected from missiles.
Mara hits Mara with a demon whip of venom!!
Mara looks as sick as possible!
Mara blinks!
You chop Mara into pieces!!! You burn Mara. You claw Mara, but do no damage.
Your peck misses Mara. Theanonym's illusion misses you.
You block Mara's attack.
You miss Mara. Your kick misses Mara. Your peck misses Mara.
You block theanonym's illusion's attack.
You slice Mara!! You burn Mara. Your kick misses Mara.
Mara hits you with a demon whip of venom.
You are poisoned.
You take 5 damage, and have 97/189 hp.
You slash Mara! Your peck misses Mara.
You feel sick.
Theanonym's illusion hits you but does no damage.
You take 1 damage, and have 96/189 hp.
You slice Mara!! You burn Mara. Your kick misses Mara.
You peck Mara, but do no damage.
You block theanonym's illusion's attack.
Mara closely misses Mara.
The acid dragon zombie bites Mara!
The acid dragon zombie closely misses Mara.
Mara gestures at you. You resist with almost no effort.
You slice Mara!!
You kill Mara!
You block theanonym's illusion's attack.
You feel sick.
Mara hits Mara with a demon whip of venom.
Something completely misses Mara.
You take 1 damage, and have 96/189 hp.
You slash Mara! You burn Mara. You claw Mara! You peck Mara.
Theanonym's illusion misses you.
You barely miss Mara. You claw Mara!
Theanonym's illusion gestures.
You block theanonym's illusion's attack.
Mara blinks!
Mara gestures at you. The bolt of fire hits you! You resist.
You take 26 damage, and have 70/189 hp.
You hit Mara. You claw Mara, but do no damage. You slash Mara! You claw Mara!
You feel sick. Theanonym's illusion hits you!!
* * * LOW HITPOINT WARNING * * *
Theanonym's illusion burns you.
* * * LOW HITPOINT WARNING * * *
You take 27 damage, and have 43/189 hp.
You miss Mara. Your peck misses Mara.
Theanonym's illusion becomes audible again.
Mara misses you. Theanonym's illusion misses you.
You closely miss Mara. You claw Mara!
You block the acid dragon zombie's attack. x2
You feel much better.
Theanonym's illusion closely misses you.
Mara growls.
Mara hits you with a demon whip of venom!!
* * * LOW HITPOINT WARNING * * *
You are more poisoned.
Theanonym's illusion hits you but does no damage.
You take 11 damage, and have 32/189 hp.
A red film seems to cover your vision as you go berserk!
You feel yourself moving faster!
You feel mighty!
You feel sick.
The acid dragon zombie bites you but does no damage.
You block the acid dragon zombie's attack.
Mara hits you with a demon whip of venom!
* * * LOW HITPOINT WARNING * * *
You are lethally poisoned!
You now have 35/283 hp.
You carve Mara like a ham!!! You burn Mara. Your kick misses Mara.
You peck Mara, but do no damage.
* * * LOW HITPOINT WARNING * * *
You feel sick.
Theanonym's illusion hits you but does no damage.
You take 2 damage, and have 33/283 hp.
You hit Mara. Your kick misses Mara. You peck Mara, but do no damage.
* * * LOW HITPOINT WARNING * * *
You feel sick. Theanonym's illusion hits you!
* * * LOW HITPOINT WARNING * * *
Theanonym's illusion burns you.
* * * LOW HITPOINT WARNING * * *
You block the acid dragon zombie's attack. x2
Mara weaves an illusion.
Mara hits you with a demon whip of venom!
* * * LOW HITPOINT WARNING * * *
You are more poisoned.
Mara blinks!
You take 30 damage, and have 3/283 hp.
You slice Mara!! You claw Mara! You peck Mara!
* * * LOW HITPOINT WARNING * * *
You feel sick.
You take 2 damage, and have 1/283 hp.
You slice Mara!! Your kick misses Mara. You peck Mara.
You die...

#....###..#####''## ##++##
#.....##..#####...' ##....##
#.....##........... #......#
#%....'.....####### #..)...#
#.....'...###.8.##.
##.....#####.§...##..##.....#.
##....'..####'####..##8.>.8##
##...#..##.§Z..+...##.....#
##''##...'@@R..+...'##...##
##........'.....#...'###'###
#....##R.##.....#..###.....##
#..####..##.....####.........
##''## #...'.....##....#####..
#....###...'....##..#.##...##.
#.....##...######..##.........
#......'...#....#..#...8).)8..
##.....'...'.......#....)<....


You could see 2 Maras, theanonym's illusion and an acid dragon zombie.

Notes
Turn   | Place    | Note
-------+----------+-------------------------------------------
     0 | D:1      | theanonym the Tengu Assassin began the quest for the Orb.
     0 | D:1      | Reached XP level 1. HP: 12/12 MP: 2/2
   153 | D:1      | Reached XP level 2. HP: 11/17 MP: 3/3
   529 | D:1      | Reached skill level 3 in Short Blades
  1083 | D:2      | Reached XP level 3. HP: 16/21 MP: 4/4
  2025 | D:3      | Reached XP level 4. HP: 23/26 MP: 5/5
  2056 | D:3      | theanonym: !stats teas
  2076 | D:3      | beem: Starting stats for TeAs: Str 11 Int 11 Dex 15. Stat gain: sid/4
  2161 | D:3      | Reached skill level 1 in Shields
  2334 | D:3      | Reached skill level 4 in Short Blades
  3059 | D:3      | HP: 13/26 [poisoned by a kobold]
  3065 | D:3      | HP: 11/26 [poisoned by a kobold]
  3073 | D:3      | HP: 10/26 [poisoned by a kobold]
  3081 | D:3      | HP: 8/26 [poisoned by a kobold]
  3458 | D:3      | Noticed Robin
  3486 | D:3      | HP: 11/26 [hobgoblin/club[Robin] (3)]
  3703 | D:3      | Gained mutation: You can fly. [Tengu growth]
  3703 | D:3      | Reached XP level 5. HP: 23/30 MP: 6/6
  4077 | D:3      | Killed Robin
  4292 | D:4      | Noticed Duvessa
  4292 | D:4      | Noticed Dowan
  4330 | D:4      | Noticed Sigmund
  4335 | D:4      | Killed Sigmund
  4335 | D:4      | Reached skill level 5 in Short Blades
  4335 | D:4      | Reached skill level 2 in Shields
  4335 | D:4      | Reached XP level 6. HP: 24/35 MP: 7/7
  4458 | D:4      | Reached skill level 6 in Short Blades
  4458 | D:4      | Reached skill level 3 in Shields
  4519 | D:4      | Noticed Natasha
  4525 | D:4      | Killed Natasha
  4525 | D:4      | Reached XP level 7. HP: 35/40 MP: 8/8
  4545 | D:4      | Noticed Natasha
  4546 | D:4      | Found a staircase to the Ecumenical Temple.
  4562 | D:4      | Killed Natasha
  4568 | Temple   | Entered the Ecumenical Temple
  4739 | Temple   | Became a worshipper of Uskayaw the Reveler
  4800 | D:4      | Reached * piety under Uskayaw
  4810 | D:4      | Reached ** piety under Uskayaw
  4838 | D:4      | Found a glowing drain.
  4864 | Sewer    | Entered a sewer
  5344 | Sewer    | Reached skill level 7 in Short Blades
  5913 | D:4      | Noticed Natasha
  5916 | D:4      | Killed Natasha
  6170 | D:4      | Reached *** piety under Uskayaw
  6172 | D:4      | Reached **** piety under Uskayaw
  6373 | D:4      | Killed Dowan
  6373 | D:4      | Reached skill level 4 in Shields
  6391 | D:4      | HP: 9/40 [Duvessa/short sword (16)]
  6398 | D:4      | Killed Duvessa
  6398 | D:4      | Reached skill level 5 in Stealth
  6398 | D:4      | Reached XP level 8. HP: 11/45 MP: 2/9
  6742 | D:4      | Found Xisuq's Distillery.
  6745 | D:4      | Bought a potion of heal wounds for 70 gold pieces
  6745 | D:4      | Bought a potion of haste for 140 gold pieces
  6821 | D:5      | Entered Level 5 of the Dungeon
  6831 | D:5      | HP: 22/45 [poisoned by a scorpion]
  6833 | D:5      | Reached skill level 3 in Fighting
  6834 | D:5      | HP: 9/46 [iguana (2)]
  6839 | D:4      | HP: 7/46 [poisoned by a scorpion]
  6844 | D:4      | HP: 4/46 [poisoned by a scorpion]
  6852 | D:4      | HP: 3/46 [poisoned by a scorpion]
  6860 | D:4      | HP: 2/46 [poisoned by a scorpion]
  7204 | D:5      | Reached skill level 8 in Short Blades
  7231 | D:5      | HP: 23/46 [scorpion (3)]
  7232 | D:5      | Reached skill level 1 in Armour
  7233 | D:5      | Noticed Lanoc's ghost (novice TrMo)
  7236 | D:4      | HP: 11/46 [poisoned by a scorpion]
  7241 | D:4      | HP: 23/46 [poisoned by a scorpion]
  7246 | D:4      | HP: 19/46 [poisoned by a scorpion]
  7251 | D:4      | HP: 15/46 [poisoned by a scorpion]
  7257 | D:4      | HP: 13/46 [poisoned by a scorpion]
  7262 | D:4      | HP: 11/46 [poisoned by a scorpion]
  7269 | D:4      | HP: 10/46 [poisoned by a scorpion]
  7277 | D:4      | HP: 10/46 [poisoned by a scorpion]
  7616 | D:5      | HP: 23/46 [Lanoc's ghost (10)]
  7946 | D:5      | Reached skill level 2 in Armour
  8085 | D:5      | Reached skill level 4 in Fighting
  8323 | D:5      | Reached skill level 9 in Short Blades
  8352 | D:5      | HP: 23/48 [orc priest/divine providence (10)]
  8358 | D:5      | HP: 20/48 [poisoned by a scorpion]
  8368 | D:5      | HP: 33/72 [ice beast (5)]
  8369 | D:5      | Reached ***** piety under Uskayaw
  8372 | D:5      | Reached skill level 3 in Armour
  8372 | D:5      | Reached XP level 9. HP: 30/52 MP: 6/10
  8374 | D:5      | HP: 24/78 [orc wizard/magic dart (6)]
  8382 | D:5      | HP: 15/52 [poisoned by a scorpion]
  8390 | D:5      | HP: 14/52 [poisoned by a scorpion]
  8691 | D:5      | Killed Lanoc's ghost
  8691 | D:5      | Reached skill level 5 in Fighting
  8909 | D:6      | Noticed Daviar's ghost (novice OpBe)
  8967 | D:6      | Killed Daviar's ghost
  8967 | D:6      | Reached skill level 10 in Short Blades
  8967 | D:6      | Reached skill level 4 in Armour
  9040 | D:6      | Found a sacrificial altar of Ru.
  9313 | D:6      | Found a snail-covered altar of Cheibriados.
  9340 | D:6      | HP: 17/54 [orc warrior/flail (19)]
  9346 | D:6      | HP: 3/54 [orc warrior/flail (14)]
  9877 | D:6      | Reached skill level 5 in Armour
  9894 | D:6      | Reached skill level 6 in Fighting
  9975 | D:6      | Noticed Blork the orc
  9979 | D:6      | Killed Blork the orc
 10113 | D:6      | Found a stormy altar of Qazlal.
 10406 | D:7      | Found a burning altar of Makhleb.
 10422 | D:7      | Reached skill level 6 in Armour
 10464 | D:7      | Noticed Charly's ghost (novice VSSk)
 10468 | D:7      | Reached XP level 10. HP: 61/61 MP: 11/11
 10488 | D:7      | Killed Charly's ghost
 10488 | D:7      | Reached skill level 7 in Fighting
 10727 | D:7      | Found a transporter.
 11193 | D:7      | Noticed a red ugly thing
 11197 | D:7      | Killed a red ugly thing
 11197 | D:7      | Reached skill level 11 in Short Blades
 11197 | D:7      | Reached skill level 7 in Armour
 11217 | D:7      | Reached ****** piety under Uskayaw
 11242 | D:7      | Got a fine golden ring
 11274 | D:7      | HP: 28/63 [wyvern (7)]
 11281 | D:7      | HP: 13/63 [wyvern (4)]
 11568 | D:7      | Found a transporter.
 11670 | D:8      | Identified a scroll of acquirement
 11880 | D:8      | Noticed Maurice
 11893 | D:8      | Killed Maurice
 11893 | D:8      | Reached skill level 8 in Fighting
 11894 | D:8      | Reached skill level 8 in Armour
 11920 | D:8      | Found a shimmering altar of Xom.
 11949 | D:8      | HP: 32/64 [acid (5)]
 12162 | D:8      | Reached skill level 12 in Short Blades
 12171 | D:8      | Reached XP level 11. HP: 61/68 MP: 9/12
 12213 | D:8      | Identified the ring of Bodily Harmony {EV+3 Str+3} (You found it on level 7 of the Dungeon)
 12251 | D:8      | Found Diule's Assorted Antiques.
 12399 | D:8      | Found a radiant altar of Vehumet.
 12720 | D:8      | Bought a dented steel amulet for 90 gold pieces
 12720 | D:8      | Bought a potion of curing for 54 gold pieces
 12720 | D:8      | Bought a potion of curing for 54 gold pieces
 13158 | D:8      | Found a shattered altar of Ashenzari.
 13158 | D:8      | Found an iron altar of Okawaru.
 13326 | D:9      | Noticed a yaktaur captain
 13335 | D:9      | Killed a yaktaur captain
 13535 | D:9      | Found a staircase to the Lair.
 13900 | D:9      | Reached skill level 9 in Armour
 13902 | D:9      | Reached skill level 9 in Fighting
 13902 | D:9      | Reached skill level 13 in Short Blades
 13902 | D:9      | Reached skill level 3 in Dodging
 13902 | D:9      | Reached skill level 2 in Invocations
 13902 | D:9      | Reached XP level 12. HP: 77/77 MP: 12/15
 13935 | D:9      | Noticed a deep troll earth mage
 13951 | D:9      | Killed a deep troll earth mage
 13951 | D:9      | Reached skill level 4 in Dodging
 14111 | D:9      | Reached skill level 14 in Short Blades
 14155 | D:9      | Reached skill level 10 in Armour
 14254 | D:9      | Reached skill level 10 in Fighting
 14334 | D:9      | Reached skill level 3 in Invocations
 14336 | D:9      | Noticed a stone giant
 14346 | D:9      | Killed a stone giant
 14346 | D:9      | Reached skill level 5 in Dodging
 14409 | D:9      | Got a fine falchion
 14454 | D:9      | Found Umafac's Assorted Antiques.
 14748 | D:8      | Bought a scroll of teleportation for 54 gold pieces
 14791 | D:9      | Bought a scroll of fear for 66 gold pieces
 14791 | D:9      | Bought a potion of heal wounds for 95 gold pieces
 14791 | D:9      | Bought a scroll of teleportation for 57 gold pieces
 14892 | D:4      | Bought a potion of berserk rage for 70 gold pieces
 14892 | D:4      | Bought a potion of berserk rage for 70 gold pieces
 15008 | Lair:1   | Entered Level 1 of the Lair of Beasts
 15035 | Lair:1   | Noticed Fannar
 15083 | Lair:1   | HP: 33/77 [Fannar/quarterstaff of freezing (6)]
 15089 | Lair:1   | HP: 24/77 [ice beast[Fannar] (4)]
 15092 | Lair:1   | HP: 9/77 [ice beast[Fannar] (7)]
 15093 | Lair:1   | Killed Fannar
 15295 | Lair:1   | Reached skill level 4 in Invocations
 15333 | Lair:1   | Reached XP level 13. HP: 70/83 MP: 17/17
 15524 | Lair:1   | Reached skill level 6 in Dodging
 16128 | Lair:2   | Reached skill level 5 in Invocations
 16297 | Lair:2   | Noticed an ice dragon
 16315 | Lair:2   | HP: 40/84 [ice dragon (11)]
 16447 | Lair:2   | HP: 42/84 [ice dragon (10)]
 16454 | Lair:2   | HP: 31/84 [ice dragon/blast of cold (8)]
 16464 | Lair:2   | HP: 13/84 [ice dragon/blast of cold (8)]
 16470 | Lair:2   | HP: 13/84 [ice dragon/blast of cold (6)]
 16472 | Lair:2   | Killed an ice dragon
 16472 | Lair:2   | Reached skill level 7 in Dodging
 16601 | Lair:2   | Reached skill level 11 in Fighting
 16880 | Lair:2   | Reached skill level 11 in Armour
 16985 | Lair:2   | Found an iron altar of Okawaru.
 17756 | Lair:3   | Got a brightly glowing quick blade
 17757 | Lair:3   | Identified the +8 quick blade "Loutiss" {vamp, Stlth+} (You acquired it on level 3 of the Lair of Beasts)
 17797 | Lair:3   | Found a staircase to the Swamp.
 18120 | Lair:3   | Identified the cursed +1 ring mail "Puqua" {rPois rCorr, 7} (You found it on level 3 of the Lair of Beasts)
 18278 | Lair:3   | Reached skill level 6 in Invocations
 18547 | Lair:4   | Reached skill level 8 in Dodging
 18607 | Lair:4   | Found a staircase to the Snake Pit.
 18741 | Lair:4   | HP: 42/85 [basilisk (4)]
 19001 | Lair:4   | Reached skill level 9 in Dodging
 19063 | Lair:4   | Reached skill level 12 in Fighting
 19815 | Lair:3   | Got a warped leather armour {4}
 19867 | Lair:5   | Gained mutation: You can fly continuously. [Tengu growth]
 19867 | Lair:5   | Reached XP level 14. HP: 92/92 MP: 15/19
 20020 | Lair:5   | Noticed Rupert
 20061 | Lair:5   | Killed Rupert
 20245 | Lair:5   | Noticed dxctxrx's ghost (journeyman GnNe)
 20289 | Lair:5   | Killed dxctxrx's ghost
 20289 | Lair:5   | Reached skill level 10 in Dodging
 20440 | Lair:5   | Found a staircase to the Slime Pits.
 20440 | Lair:5   | Found a viscous altar of Jiyva.
 20509 | Lair:5   | Identified the +2 leather armour "Jiebas" {MR++ Str+7, 4} (You found it on level 3 of the Lair of Beasts)
 20547 | Lair:6   | Entered Level 6 of the Lair of Beasts
 20616 | Lair:6   | Found a frozen archway.
 20672 | IceCv    | Entered an ice cave
 20802 | IceCv    | HP: 45/92 [something (8)]
 21730 | Lair:6   | Reached skill level 13 in Fighting
 21847 | Lair:6   | Reached skill level 11 in Dodging
 21898 | Lair:6   | Reached skill level 7 in Invocations
 22821 | D:10     | Entered Level 10 of the Dungeon
 22821 | D:10     | Found Began's Gadget Shop.
 22996 | D:10     | Found Guxe's Weapon Emporium.
 23042 | D:10     | Found a white marble altar of Elyvilon.
 23174 | D:10     | Reached XP level 15. HP: 99/99 MP: 21/21
 23184 | D:10     | Found Ifeplas's Distillery.
 23188 | D:10     | Bought a potion of curing for 48 gold pieces
 23188 | D:10     | Bought a potion of haste for 160 gold pieces
 23188 | D:10     | Bought a potion of curing for 48 gold pieces
 23188 | D:10     | Bought a potion of heal wounds for 80 gold pieces
 23188 | D:10     | Bought a potion of curing for 48 gold pieces
 23188 | D:10     | Bought a potion of heal wounds for 80 gold pieces
 23188 | D:10     | Bought a potion of invisibility for 128 gold pieces
 23188 | D:10     | Bought a potion of berserk rage for 80 gold pieces
 23259 | D:10     | Found Qiwk's Book Boutique.
 23396 | D:10     | Gained mutation: Your magical capacity is low. (-10% MP) [potion of mutation]
 23396 | D:10     | Gained mutation: You are weak. (Str -2) [potion of mutation]
 23396 | D:10     | Gained mutation: You are robust. (+10% HP) [potion of mutation]
 23571 | D:11     | Reached skill level 8 in Invocations
 23804 | D:11     | Found a staircase to the Orcish Mines.
 24121 | D:11     | Learned a level 2 spell: Swiftness
 24528 | Orc:1    | Entered Level 1 of the Orcish Mines
 24528 | Orc:1    | Found Pipnul's Antique Weapon Shoppe.
 24553 | Orc:1    | Reached skill level 12 in Dodging
 24698 | Orc:1    | Found Uczukledwuo's Armour Boutique.
 24710 | Orc:1    | Found Vaycs's Magic Scroll Shoppe.
 24745 | Orc:1    | Bought a scroll of magic mapping for 42 gold pieces
 24745 | Orc:1    | Bought a scroll of blinking for 90 gold pieces
 24745 | Orc:1    | Bought a scroll of fear for 42 gold pieces
 24751 | Orc:1    | Found Afyr's Food Emporium.
 24766 | Orc:1    | Found a roughly hewn altar of Beogh.
 25016 | Orc:2    | Entered Level 2 of the Orcish Mines
 25047 | Orc:2    | Found a dark tunnel.
 25058 | Volcano  | Entered a volcano
 25183 | Volcano  | HP: 51/110 [efreet/scimitar of flaming (11)]
 25609 | Volcano  | Reached skill level 14 in Fighting
 25803 | Orc:2    | Found a staircase to the Elven Halls.
 25878 | Orc:2    | Found Wiupp's Magic Scroll Boutique.
 25881 | Orc:2    | Bought a scroll of summoning for 142 gold pieces
 25881 | Orc:2    | Bought a scroll of immolation for 52 gold pieces
 26347 | Orc:2    | Found Raikurph's Antique Weapon Shoppe.
 26373 | Orc:2    | Found a radiant altar of Vehumet.
 26374 | Orc:2    | Noticed Erolcha
 26393 | Orc:2    | Found Luekh's Distillery.
 26394 | Orc:2    | Killed Erolcha
 26416 | Orc:2    | Found an ancient bone altar of Kikubaaqudgha.
 26423 | Orc:2    | Reached skill level 9 in Invocations
 26456 | Orc:2    | Bought 2 potions of heal wounds for 170 gold pieces
 26456 | Orc:2    | Bought a potion of agility for 68 gold pieces
 26456 | Orc:2    | Bought a potion of heal wounds for 85 gold pieces
 26456 | Orc:2    | Bought a potion of agility for 68 gold pieces
 26456 | Orc:2    | Bought a potion of might for 68 gold pieces
 26492 | Orc:2    | Found a roughly hewn altar of Beogh.
 26492 | Orc:2    | Found Fascheask's Book Emporium.
 26493 | Orc:2    | Found Kadwil's Gadget Shoppe.
 26724 | D:12     | Noticed Snorg
 26735 | D:12     | Killed Snorg
 27157 | D:12     | Reached skill level 13 in Dodging
 27905 | D:13     | Reached skill level 10 in Invocations
 27905 | D:13     | Reached XP level 16. HP: 117/117 MP: 14/22
 28271 | D:13     | Found a gate to the Vaults.
 28331 | D:14     | Found Eleal's Book Shoppe.
 28344 | D:14     | Reached skill level 15 in Fighting
 28378 | D:14     | Reached skill level 5 in Shields
 28491 | D:14     | Found Rawarr's Distillery.
 28787 | D:14     | Found Okhlajupt's Antique Weapon Shop.
 29057 | D:14     | Found a deep blue altar of Sif Muna.
 29152 | D:15     | Entered Level 15 of the Dungeon
 29230 | D:15     | Reached skill level 14 in Dodging
 29421 | D:15     | Reached skill level 6 in Shields
 29947 | D:15     | HP: 53/118 [fire dragon/blast of flame (38)]
 30111 | D:15     | Found a staircase to the Depths.
 30368 | Swamp:1  | Entered Level 1 of the Swamp
 31190 | Swamp:1  | Identified Pyubbom's Papyrus of Creation and Good Luck
 31200 | Swamp:1  | Learned a level 6 spell: Deflect Missiles
 31293 | Swamp:2  | Reached skill level 7 in Shields
 32021 | Swamp:2  | Reached XP level 17. HP: 126/126 MP: 23/23
 32262 | Swamp:3  | Reached skill level 8 in Shields
 32318 | Swamp:3  | Reached skill level 15 in Dodging
 32327 | Swamp:3  | Reached skill level 16 in Fighting
 32888 | Swamp:3  | Noticed Kirke
 32918 | Swamp:3  | Killed Kirke
 32918 | Swamp:3  | Reached skill level 9 in Shields
 33036 | Swamp:4  | Entered Level 4 of the Swamp
 33091 | Swamp:4  | Noticed Nikola
 33106 | Swamp:4  | Killed Nikola
 33117 | Swamp:4  | Reached skill level 10 in Shields
 33415 | Swamp:4  | Reached skill level 11 in Shields
 33799 | Swamp:4  | Reached skill level 12 in Shields
 33877 | Swamp:4  | Got a decaying rune of Zot
 34210 | Snake:1  | Entered Level 1 of the Snake Pit
 34231 | Snake:1  | Iwannabefree: ??tengu
 34232 | Snake:1  | beem: tengu[1/6]: Basically humanoid with bird-like heads and clawed feet, the Tengu can wear all types of armour except helmets and boots. Gets temporary flight (with refractory period) at XL5, perm flight at XL14. While flying from any source, has +20% evasion and a -1 to movement delay.
 34362 | Snake:1  | theanonym: Курица
 34362 | Snake:1  | Iwannabefree: kaif, free EV
 34362 | Snake:1  | Iwannabefree: гарпия
 34362 | Snake:1  | Iwannabefree: дальний родственник
 34362 | Snake:1  | Iwannabefree: чо в лонги не будешь?
 34362 | Snake:1  | theanonym: С быстрым ножом клюв и когти часто бьют
 34362 | Snake:1  | Iwannabefree: ??uskayaw
 34362 | Snake:1  | beem: uskayaw[1/6]: God of ecstatic dance. Piety raises very quickly as you deal damage and drops very quickly over time. *: Stomp for AOE damage. **: Teleport through a line of creatures, confusing them. ***: on reaching this piety level, briefly paralyze all enemies in LOS. ****: On reaching this piety level, monsters share damage. *****: Telefrag any monster in LOS.
 34362 | Snake:1  | theanonym: Весь урон на них
 34362 | Snake:1  | Iwannabefree: хмм
 34362 | Snake:1  | Iwannabefree: попадется моб с 10+ас
 34362 | Snake:1  | theanonym: Главное торнадо прокачать
 34362 | Snake:1  | Iwannabefree: дамага не нанесешь
 34362 | Snake:1  | Iwannabefree: с торнадо аще заебись будет!
 34382 | Snake:1  | Iwannabefree: под укулеле оно еще больше будет ваншотать
 34397 | Snake:1  | theanonym: Воздух +3
 34482 | Snake:1  | Iwannabefree: за счет шар демейжа
 34500 | Snake:1  | Iwannabefree: ухх бля!
 34512 | Snake:1  | Iwannabefree: вижу задумку...
 34517 | Snake:1  | Reached skill level 13 in Shields
 34530 | Snake:1  | Iwannabefree: правда у тебя инты нет
 34595 | Snake:1  | Noticed Aizul
 34635 | Snake:1  | Killed Aizul
 34635 | Snake:1  | Reached XP level 18. HP: 125/132 MP: 23/23
 34838 | Snake:1  | Iwannabefree: !log . uskayaw
 34847 | Snake:1  | beem: 5. Iwannabefree, XL10 VpFi, T:11241: http://crawl.xtahua.com/crawl/morgue/Iwannabefree/morgue-Iwannabefree-20170227-160636.txt
 34876 | Snake:1  | Iwannabefree: !log . uskayaw -2
 34876 | Snake:1  | beem: 4/5. Iwannabefree, XL12 VpWr, T:17355: http://crawl.xtahua.com/crawl/morgue/Iwannabefree/morgue-Iwannabefree-20170108-210039.txt
 34876 | Snake:1  | Iwannabefree: !log . uskayaw -3
 34876 | Snake:1  | beem: 3/5. Iwannabefree, XL27 DsCj, T:76092: http://crawl.xtahua.com/crawl/morgue/Iwannabefree/morgue-Iwannabefree-20161007-155747.txt
 34876 | Snake:1  | theanonym: Узкая идеальный бог для табберов, просто так парализует весь лос, а другие абилки можно не использовать
 34876 | Snake:1  | Iwannabefree: тапки асасина и дабл чаоса
 34876 | Snake:1  | Iwannabefree: бляяяяяяяяя
 34876 | Snake:1  | Iwannabefree: как я умудрился это проебать...
 34901 | Snake:1  | Iwannabefree: помню весь лос стабал с дабла
 35112 | Snake:1  | Reached skill level 14 in Shields
 35841 | Snake:2  | Reached skill level 1 in Air Magic
 36038 | Snake:2  | Learned a level 5 spell: Aura of Abjuration
 36073 | Snake:2  | Reached skill level 15 in Shields
 36073 | Snake:2  | Reached skill level 1 in Charms
 36110 | Snake:2  | Learned a level 3 spell: Regeneration
 36165 | Snake:2  | Reached skill level 2 in Air Magic
 36167 | Snake:2  | Noticed Asterion
 36195 | Snake:2  | Killed Asterion
 36347 | Snake:3  | Reached skill level 3 in Air Magic
 36362 | Snake:3  | Reached skill level 2 in Charms
 36529 | Snake:3  | Reached skill level 4 in Air Magic
 36551 | Snake:3  | Found Xoloka's Food Emporium.
 36686 | Snake:3  | Found Eboxar's Jewellery Boutique.
 36723 | Snake:3  | Reached skill level 3 in Charms
 36724 | Snake:3  | Reached skill level 5 in Air Magic
 36744 | Snake:3  | Found Jymais Ufri's Book Boutique.
 37142 | Snake:3  | Found Olienn's Gadget Emporium.
 37373 | Snake:4  | Entered Level 4 of the Snake Pit
 37522 | Snake:4  | Reached skill level 6 in Air Magic
 37610 | Snake:4  | Reached skill level 4 in Charms
 37819 | Snake:4  | Reached skill level 1 in Spellcasting
 37828 | Snake:4  | Reached skill level 1 in Necromancy
 37831 | Snake:4  | Noticed Vashnia
 37842 | Snake:4  | HP: 60/132 [mana viper/exploding inner flame[the player character] (21)]
 37842 | Snake:4  | Reached skill level 2 in Necromancy
 37842 | Snake:4  | Reached skill level 7 in Air Magic
 37858 | Snake:4  | Reached skill level 2 in Spellcasting
 37858 | Snake:4  | Reached XP level 19. HP: 54/137 MP: 18/24
 38605 | Snake:4  | Reached skill level 3 in Necromancy
 38659 | Snake:4  | Reached skill level 3 in Spellcasting
 38664 | Snake:4  | Reached skill level 5 in Charms
 38688 | Snake:4  | Reached skill level 8 in Air Magic
 38854 | Snake:4  | Reached skill level 4 in Necromancy
 38970 | Snake:4  | Killed Vashnia
 39066 | Snake:4  | Reached skill level 4 in Spellcasting
 39162 | Snake:4  | Reached skill level 5 in Necromancy
 39202 | Snake:4  | Reached skill level 9 in Air Magic
 39329 | Snake:4  | Got a serpentine rune of Zot
 39410 | Snake:4  | Noticed Louise
 39433 | Snake:4  | Killed Louise
 40207 | Vaults:1 | Entered Level 1 of the Vaults
 40634 | Vaults:1 | Reached skill level 6 in Charms
 41053 | Vaults:1 | Reached skill level 5 in Spellcasting
 41207 | Vaults:1 | Reached skill level 10 in Air Magic
 41236 | Vaults:1 | Reached skill level 7 in Charms
 42215 | Vaults:2 | Found Ullud's Assorted Antiques.
 42216 | Vaults:2 | Found Sokusoso's Antique Weapon Shoppe.
 42228 | Vaults:2 | Bought a scroll of teleportation for 102 gold pieces
 42228 | Vaults:2 | Bought a potion of curing for 102 gold pieces
 42228 | Vaults:2 | Bought a scroll of magic mapping for 119 gold pieces
 42228 | Vaults:2 | Bought a scroll of identify for 68 gold pieces
 42329 | Vaults:2 | Reached skill level 8 in Charms
 42389 | Vaults:2 | Reached XP level 20. HP: 144/144 MP: 25/25
 42442 | Vaults:2 | Reached skill level 11 in Air Magic
 42580 | Vaults:2 | Reached skill level 9 in Charms
 42822 | Vaults:2 | Found Guilom Sahoz's Assorted Antiques.
 43139 | Vaults:2 | Reached skill level 12 in Air Magic
 43717 | Vaults:3 | Reached skill level 10 in Charms
 44329 | Vaults:3 | Reached skill level 13 in Air Magic
 44376 | Vaults:3 | Noticed Donald
 44390 | Vaults:3 | HP: 55/145 [Donald/double sword of flaming (29)]
 44518 | Vaults:3 | Killed Donald
 44839 | Vaults:3 | Lost mutation: You are weak. (Str -2) [potion of mutation]
 44839 | Vaults:3 | Lost mutation: Your magical capacity is low. (-10% MP) [potion of mutation]
 44839 | Vaults:3 | Lost mutation: You are robust. (+10% HP) [potion of mutation]
 44839 | Vaults:3 | Gained mutation: Armour fits poorly on your strangely shaped body. [potion of mutation]
 44839 | Vaults:3 | Gained mutation: You are partially covered in slimy green scales. (AC +2) [potion of mutation]
 44839 | Vaults:3 | Gained mutation: You are robust. (+10% HP) [potion of mutation]
 44839 | Vaults:3 | Gained mutation: You passively map a small area around you. [potion of mutation]
 44840 | Vaults:3 | Lost mutation: Armour fits poorly on your strangely shaped body. [potion of mutation]
 44840 | Vaults:3 | Lost mutation: You passively map a small area around you. [potion of mutation]
 44840 | Vaults:3 | Gained mutation: You are weak. (Str -2) [potion of mutation]
 44840 | Vaults:3 | Gained mutation: You are partially covered in rugged brown scales. (AC +1, +3% HP) [potion of mutation]
 44840 | Vaults:3 | Lost mutation: You are weak. (Str -2) [potion of mutation]
 44840 | Vaults:3 | Gained mutation: You are partially covered in thin metallic scales. (AC +2) [potion of mutation]
 45101 | Vaults:3 | Found a staircase to the Crypt.
 45101 | Vaults:3 | Found an ancient bone altar of Kikubaaqudgha.
 45102 | Vaults:3 | Found a basalt altar of Yredelemnul.
 45730 | Vaults:4 | Reached skill level 14 in Air Magic
 45778 | Vaults:4 | NormalPerson7: !lg $p op--
 45803 | Vaults:4 | beem: 11. theanonym the Englaciator (L27 OpFE of Vehumet), escaped with the Orb and 15 runes on 2017-12-28 20:05:56, with 12310468 points after 138594 turns and 18:21:31.
 45812 | Vaults:4 | NormalPerson7: nice
 45828 | Vaults:4 | NormalPerson7: how many zigs? 2?
 45849 | Vaults:4 | NormalPerson7: !log $p op
 45855 | Vaults:4 | beem: 11. theanonym, XL27 OpFE, T:138594: http://crawl.xtahua.com/crawl/morgue/theanonym/morgue-theanonym-20171228-200556.txt
 45897 | Vaults:4 | Reached XP level 21. HP: 155/155 MP: 29/29
 45925 | Vaults:4 | Found a flickering gateway to a bazaar.
 45926 | Vaults:4 | NormalPerson7: 4 zigs, nice
 45950 | Bazaar   | Entered a bazaar
 45950 | Bazaar   | Found Uqyff's General Store.
 45952 | Bazaar   | Found Tonesch's Book Emporium.
 45956 | Bazaar   | Found Xaestruf's Food Boutique.
 45957 | Bazaar   | NormalPerson7: not overzealous :)
 45964 | Bazaar   | Found Zoumazu's Magic Scroll Shoppe.
 45974 | Bazaar   | Bought a scroll of enchant weapon for 105 gold pieces
 45974 | Bazaar   | Bought a scroll of identify for 28 gold pieces
 45974 | Bazaar   | Bought a scroll of teleportation for 42 gold pieces
 45974 | Bazaar   | Bought a scroll of immolation for 49 gold pieces
 45974 | Bazaar   | Bought a scroll of teleportation for 42 gold pieces
 45974 | Bazaar   | Bought a scroll of teleportation for 42 gold pieces
 45974 | Bazaar   | Bought a scroll of fog for 28 gold pieces
 45974 | Bazaar   | Bought a scroll of enchant armour for 105 gold pieces
 45974 | Bazaar   | Bought a scroll of enchant armour for 105 gold pieces
 45974 | Bazaar   | Bought a scroll of enchant armour for 105 gold pieces
 46005 | Bazaar   | Found Toewk's Food Boutique.
 46233 | Vaults:4 | Reached skill level 17 in Fighting
 46235 | Vaults:4 | Reached skill level 12 in Armour
 46513 | Vaults:4 | Reached skill level 1 in Long Blades
 46634 | Vaults:4 | Reached skill level 2 in Long Blades
 46663 | Vaults:4 | Reached skill level 3 in Long Blades
 46958 | Vaults:4 | Reached skill level 4 in Long Blades
 47184 | Vaults:4 | Reached skill level 5 in Long Blades
 47699 | Orc:2    | Bought a book of the Tempests for 1050 gold pieces
 47709 | Orc:2    | Learned a level 9 spell: Tornado
 47770 | Elf:1    | Entered Level 1 of the Elven Halls
 47828 | Elf:1    | Found Bivorro's Gadget Boutique.
 47851 | Elf:1    | Reached skill level 6 in Long Blades
 47990 | Elf:1    | Found Hompuel's Gadget Emporium.
 48077 | Elf:1    | Found Norchas's General Store.
 48287 | Elf:1    | Noticed Frances
 48304 | Elf:1    | Killed Frances
 48304 | Elf:1    | Reached skill level 7 in Long Blades
 48454 | Elf:1    | Identified Vinlaahu's Catalogue of Black Rites
 48632 | Elf:2    | Reached skill level 13 in Armour
 48654 | Elf:2    | Identified the +4 ring mail of Gujam {-Cast rElec rN+ rCorr, 7} (You found it on level 2 of the Elven Halls)
 48784 | Elf:2    | Noticed Azrael
 48810 | Elf:2    | Killed Azrael
 48952 | Elf:2    | Reached skill level 8 in Long Blades
 49430 | Elf:2    | Found a runed gate.
 49430 | Elf:2    | Found a runed gate.
 49431 | Elf:2    | Found a runed gate.
 49460 | Elf:2    | Reached skill level 9 in Long Blades
 49517 | Elf:2    | Reached XP level 22. HP: 164/164 MP: 30/30
 49886 | Elf:3    | Entered Level 3 of the Elven Halls
 50066 | Elf:3    | Reached skill level 10 in Long Blades
 50178 | Elf:3    | Reached skill level 18 in Fighting
 50186 | Elf:3    | Found Qiagg's Food Emporium.
 50242 | Elf:3    | Found Umill's Gadget Boutique.
 50243 | Elf:3    | Found Lisaijod's Jewellery Emporium.
 50244 | Elf:3    | Found Makoh's Gadget Boutique.
 50635 | Elf:3    | Found Nethreesch's Food Boutique.
 50781 | Elf:3    | Found Karphops's Book Boutique.
 50781 | Elf:3    | Found Temohes's Book Shoppe.
 50806 | Elf:3    | Found Uxtigedo's Jewellery Shoppe.
 51254 | Crypt:1  | Entered Level 1 of the Crypt
 51294 | Crypt:1  | Reached skill level 11 in Long Blades
 51497 | Crypt:1  | Found a magical portal.
 51614 | WizLab   | Entered Iskenderun's Mystic Tower
 51728 | WizLab   | Reached skill level 12 in Long Blades
 52014 | WizLab   | HP: 69/166 [disintegration (25)]
 52328 | WizLab   | HP: 58/166 [disintegration (61)]
 52839 | WizLab   | Identified Iskenderun's Incunabulum of Attacks
 52839 | WizLab   | Identified Iskenderun's Grimoire of Battle Magic
 52862 | WizLab   | Reached skill level 13 in Long Blades
 52885 | WizLab   | Identified the Papyrus of Unholy Rituals and Companions
 52893 | WizLab   | Learned a level 5 spell: Silence
 53399 | Crypt:1  | Found a basalt altar of Yredelemnul.
 53937 | Crypt:2  | Reached skill level 14 in Armour
 53958 | Crypt:1  | HP: 76/166 [something/vampiric draining (12)]
 54412 | Crypt:2  | Noticed Bai Suzhen
 54606 | Crypt:2  | Reached XP level 23. HP: 118/171 MP: 31/31
 54856 | Crypt:2  | Killed Bai Suzhen
 55247 | Crypt:2  | Got a flickering platinum ring
 55248 | Crypt:2  | Identified the ring of Thoughtfulness {Ice Int+3} (You took it off a vampire mage on level 2 of the Crypt)
 55292 | Crypt:2  | Noticed Mara
 55306 | Crypt:2  | Noticed theanonym's illusion
 55556 | Depths:1 | Entered Level 1 of the Depths
 55565 | Depths:1 | Reached skill level 15 in Air Magic
 55863 | Depths:1 | Found a gateway to Hell.
 56105 | Depths:1 | Noticed the Enchantress
 56120 | Depths:1 | Reached skill level 1 in Hexes
 56125 | Depths:1 | Killed the Enchantress
 56125 | Depths:1 | HP: 85/172 [spriggan defender/demon whip of pain[the Enchantress] (3)]
 56712 | Depths:1 | Reached skill level 2 in Hexes
 56720 | Depths:1 | Reached skill level 15 in Armour
 57161 | Depths:1 | Found a one-way gate to the infinite horrors of the Abyss.
 57233 | Depths:2 | Reached skill level 3 in Hexes
 57278 | Depths:2 | Found a portal to a secret trove of treasure.
 57321 | Depths:2 | Found a shattered altar of Ashenzari.
 57524 | Depths:2 | HP: 72/172 [deep troll (21)]
 57526 | Depths:2 | HP: 30/172 [deep troll (25)]
 58023 | Depths:2 | Reached skill level 4 in Hexes
 58200 | Depths:2 | HP: 84/172 [spark wasp (12)]
 58217 | Depths:2 | HP: 54/172 [centaur warrior/arrow (20)]
 58220 | Depths:2 | Reached skill level 16 in Air Magic
 58225 | Depths:2 | HP: 52/172 [spark wasp (1)]
 58274 | Depths:2 | HP: 65/172 [spriggan berserker/war axe (8)]
 58543 | Depths:2 | HP: 71/172 [deep elf annihilator/crystal spear (39)]
 58551 | Depths:2 | HP: 77/172 [spark wasp (1)]
 58553 | Depths:2 | HP: 29/172 [spark wasp (15)]
 58967 | Depths:2 | Reached skill level 5 in Hexes
 59030 | Depths:2 | Reached skill level 19 in Fighting
 59235 | Depths:2 | Noticed a juggernaut
 59243 | Depths:2 | Reached XP level 24. HP: 157/180 MP: 31/31
 59252 | Depths:2 | Killed a juggernaut
 59396 | Depths:2 | HP: 84/180 [something (10)]
 59740 | Depths:2 | Reached skill level 17 in Air Magic
 59766 | Depths:2 | Found a corrupted altar of Lugonu.
 60603 | Depths:3 | Found a one-way gate leading to the halls of Pandemonium.
 61030 | Depths:3 | Reached skill level 6 in Spellcasting
 61039 | Depths:3 | HP: 81/181 [spriggan berserker/quarterstaff (33)]
 61044 | Depths:3 | HP: 81/181 [poisoned by a golden dragon (poison gas)]
 61052 | Depths:3 | HP: 82/181 [poisoned by a golden dragon (poison gas)]
 61215 | Depths:3 | HP: 76/181 [titan (44)]
 61989 | Depths:4 | Found Nurex's General Store.
 61995 | Depths:4 | Found Putyupau's Antique Weapon Emporium.
 62260 | Depths:4 | Reached skill level 7 in Spellcasting
 62264 | Depths:4 | Iwannabefree: чо как торнадо
 62438 | Depths:4 | theanonym: Начинается
 62438 | Depths:4 | Iwannabefree: поздно
 62438 | Depths:4 | Iwannabefree: к депсам уже должно быть
 62438 | Depths:4 | theanonym: Но мне надо бы броню потяжее надеть
 62438 | Depths:4 | Iwannabefree: иначе какой смысл
 62438 | Depths:4 | Iwannabefree: я обычно с начала вольтов начинаю качать магию
 62438 | Depths:4 | theanonym: В зоте и бездне
 62438 | Depths:4 | Iwannabefree: или раньше
 62438 | Depths:4 | theanonym: Все скейлы собрал
 62438 | Depths:4 | Iwannabefree: найс
 62461 | Depths:4 | Reached skill level 18 in Air Magic
 62733 | Depths:4 | HP: 90/183 [something (9)]
 63012 | Depths:4 | Found a runed gate.
 63012 | Depths:4 | Found a runed gate.
 63012 | Depths:4 | Found a runed gate.
 63050 | Depths:4 | Reached skill level 8 in Spellcasting
 63433 | Depths:4 | Reached skill level 20 in Fighting
 63838 | Depths:4 | Found a runed gate.
 63838 | Depths:4 | Found a runed gate.
 63838 | Depths:4 | Found a runed gate.
 64235 | D:11     | Learned a level 4 spell: Airstrike
 64415 | Elf:3    | Reached skill level 1 in Summonings
 64572 | Elf:3    | Reached skill level 2 in Summonings
 64580 | Elf:3    | Reached skill level 3 in Summonings
 64594 | Elf:3    | Reached skill level 9 in Spellcasting
 64611 | Elf:3    | Reached skill level 4 in Summonings
 64611 | Elf:3    | Reached XP level 25. HP: 174/189 MP: 36/37
 64842 | Elf:3    | Reached skill level 5 in Summonings
 64843 | Elf:3    | Reached skill level 6 in Summonings
 64891 | Elf:3    | Reached skill level 7 in Summonings
 64906 | Elf:3    | HP: 74/189 [deep elf high priest/damnation (27)]
 65292 | Elf:3    | Identified the Volume of Lightness
 65790 | Crypt:2  | Noticed theanonym's illusion
 65823 | Crypt:2  | HP: 70/189 [Mara (illusionary)/bolt of fire (26)]
 65828 | Crypt:2  | HP: 32/189 [Mara (illusionary)/demon whip of venom (30)]
 65831 | Crypt:2  | HP: 3/283 [Mara/demon whip of venom (16)]
 65832 | Crypt:2  | HP: 1/283 [poisoned by Mara]
 65833 | Crypt:2  | Succumbed to Mara's poison

Vanquished Creatures
  A juggernaut (Depths:2)
  Bai Suzhen (Crypt:2)
  Vashnia (Snake:4)
  A golden dragon (Depths:3)
  the Enchantress (Depths:1)
  Nikola (Swamp:4)
  Rupert (Lair:5)
  3 deep elf blademasters
  Asterion (Snake:2)
  3 liches
  A titan (Depths:3)
  A deep elf master archer (Elf:3)
  7 sphinxes
  Frances (Elf:1)
  A thorn hunter (Swamp:4)
  A shadow dragon (Depths:4)
  Kirke (Swamp:3)
  A storm dragon (Depths:4)
  2 tengu reavers
  10 nagarajas
  7 fire giants
  Donald (Vaults:3)
  4 iron dragons
  3 deep elf sorcerers (Elf:3)
  6 frost giants
  Aizul (Snake:1)
  8 vault wardens
  Louise (Snake:4)
  7 ghouls
  10 ironheart preservers
  12 very ugly things
  8 deep elf elementalists (Elf:3)
  3 spriggan defenders (Depths:1)
  18 stone giants
  A reaper (Crypt:2)
  2 entropy weavers
  5 deep elf demonologists (Elf:3)
  7 vampire knights
  Azrael (Elf:2)
  8 purple draconians (WizLab)
  7 deep elf annihilators
  8 spark wasps
  Snorg (D:12)
  A merfolk javelineer (Depths:3)
  9 statues (WizLab)
  6 ettins
  13 fire dragons
  10 jiangshi
  2 eidola
  The ghost of dxctxrx the Reanimator, a journeyman GnNe of Yredelemnul (Lair:5)
  A merfolk impaler (Depths:3)
  6 deep elf death magi
  A quicksilver dragon zombie (Crypt:1)
  12 yaktaur captains
  3 deep elf high priests (Elf:3)
  13 ogre magi
  17 ice dragons
  Fannar (Lair:1)
  Erolcha (Orc:2)
  6 great orbs of eyes
  7 vault guards
  14 naga warriors
  A rakshasa (Depths:1)
  22 hydras
  3 spriggan air magi
  3 ghost crabs
  13 anacondas
  10 centaur warriors
  4 death knights
  28 two-headed ogres
  6 tengu warriors
  5 deep troll shamans
  4 deep troll earth magi
  13 alligators
  7 vampire magi
  21 dancing weapons
  10 naga sharpshooters
  A storm dragon zombie (Crypt:2)
  A shock serpent (shapeshifter) (Depths:3)
  6 shock serpents
  4 spriggan berserkers
  16 deep elf knights
  A fire crab (shapeshifter) (Vaults:4)
  A soul eater (Crypt:2)
  29 skeletal warriors
  A hell knight (Vaults:4)
  2 iron trolls (Depths:4)
  A shadow wraith (Vaults:2)
  6 salamander mystics
  3 spriggan druids
  A spark wasp zombie (Depths:4)
  3 unseen horrors
  19 deep trolls
  7 naga ritualists
  A sea snake (Snake:2)
  5 wizards
  2 glowing orange brains (Depths:2)
  A sea snake (shapeshifter) (Depths:4)
  12 ironbrand convokers
  A golden dragon skeleton (Depths:4)
  4 flayed ghosts
  A harpy (shapeshifter) (Elf:1)
  A shambling mangrove (Swamp:1)
  5 necromancers
  14 mana vipers
  13 swamp dragons
  10 orc knights
  24 deep elf archers
  A large abomination (Elf:1)
  2 lindwurms (Volcano)
  The ghost of Charly the Cutter, a novice VSSk of Ru (D:7)
  10 phantasmal warriors
  A wolf spider zombie (D:12)
  24 ugly things
  3 manticores
  79 deep elf magi
  4 wolf spiders
  13 salamanders
  7 orc sorcerers (Orc:2)
  2 tengu skeletons (Depths:4)
  The ghost of Daviar the Poker, a novice OpBe of Trog (D:6)
  5 cyclopes
  2 elephants (shapeshifter)
  A moth of wrath (shapeshifter) (Vaults:3)
  The ghost of Lanoc the Ruffian, a novice TrMo of Makhleb (D:5)
  A black mamba (shapeshifter) (Vaults:2)
  43 black mambas
  6 centaur zombies
  A toenail golem (Volcano)
  5 guardian serpents
  A stone giant skeleton (Crypt:1)
  Maurice (D:8)
  10 vault sentinels
  3 molten gargoyles (Volcano)
  A guardian serpent (shapeshifter) (D:14)
  18 naga magi
  4 ice statues
  2 centaur skeletons
  A spiny frog (shapeshifter) (Vaults:4)
  17 spiny frogs
  A rime drake (Lair:6)
  A kobold demonologist (Depths:1)
  10 komodo dragons
  A catoblepas zombie (Crypt:1)
  4 efreet
  50 yaktaurs
  4 freezing wraiths
  An anaconda simulacrum (Crypt:1)
  A redback zombie (Crypt:2)
  A purple draconian skeleton (Crypt:1)
  A tengu conjurer (Depths:4)
  A queen bee (shapeshifter) (Vaults:4)
  An entropy weaver simulacrum (Vaults:2)
  3 polar bears
  A hornet (shapeshifter) (Depths:3)
  A minotaur zombie (Crypt:1)
  5 trolls
  9 tyrant leeches
  6 meliai
  2 blink frogs (shapeshifter)
  38 slime creatures
  14 hornets
  8 bog bodies
  A meliai zombie (D:14)
  9 blink frogs (Lair:6)
  17 hippogriffs
  Sigmund (D:4)
  A hippogriff (shapeshifter) (Elf:2)
  4 shadows
  A tarantella (shapeshifter) (Depths:3)
  A spriggan (shapeshifter) (Depths:2)
  3 redbacks (Lair:6)
  9 spriggans
  10 wyverns
  5 air elementals
  6 wraiths
  3 basilisks
  60 yaks
  9 water elementals
  A hog (shapeshifter) (Vaults:4)
  2 hungry ghosts
  6 fire elementals
  18 vampire mosquitoes
  2 steam dragons
  2 wargs
  15 insubstantial wisps
  63 nagas
  16 swamp worms
  Duvessa (D:4)
  2 acid dragons
  27 water moccasins
  2 hell hounds (Elf:2)
  24 orc warriors
  A floating eye (Depths:4)
  11 porcupines
  14 swamp drakes
  A hornet zombie (D:14)
  An eye of draining (shapeshifter) (Elf:2)
  4 sky beasts
  4 black bears
  4 eyes of draining
  17 ice beasts
  27 ogres
  6 phantoms
  20 boggarts
  4 necrophages
  11 wolves
  13 centaurs
  10 crocodiles
  6 big kobolds
  6 elf zombies
  Blork the orc (D:6)
  A gnoll sergeant (Orc:1)
  28 bullfrogs
  A wyvern zombie (D:14)
  An octopode zombie (Crypt:1)
  4 earth elementals
  A yaktaur skeleton (Crypt:2)
  A water moccasin zombie (D:11)
  A wyvern skeleton (D:14)
  5 scorpions
  2 troll zombies (D:11)
  Dowan (D:4)
  4 killer bees (D:7)
  3 electric eels
  11 wights
  6 howler monkeys
  13 crimson imps
  A bullfrog zombie (D:9)
  8 hounds
  5 human zombies (Crypt:1)
  A gnoll shaman (D:6)
  38 orc wizards
  4 bullfrog skeletons
  22 orc priests
  A soldier ant zombie (Crypt:1)
  6 jellies
  3 iron imps (D:7)
  2 human skeletons (Crypt:1)
  5 iguanas
  Natasha (thrice) (D:4)
  8 worker ants
  4 ogre zombies (D:11)
  A big kobold zombie (Crypt:2)
  A demigod skeleton (Crypt:1)
  An ogre skeleton (Crypt:1)
  3 hound zombies
  A hound skeleton (D:8)
  Robin (D:3)
  A mummy (Crypt:1)
  A worker ant zombie (D:5)
  A steam dragon zombie (Crypt:2)
  12 adders
  22 gnolls
  10 shadow imps
  15 white imps
  An ooze (D:3)
  5 worms
  2 dart slugs
  5 leopard geckos
  86 orcs
  8 ball pythons
  3 giant cockroaches
  10 hobgoblins
  22 jackals
  33 kobolds
  3 quokkas
  6 bats
  7 frilled lizards
  22 goblins
  A goblin skeleton (D:11)
  5 goblin zombies (D:11)
  A hobgoblin skeleton (D:11)
  2 hobgoblin zombies (D:11)
  A jackal zombie (D:7)
  2 leopard gecko skeletons
  A leopard gecko zombie (Crypt:2)
  An orc skeleton (Crypt:1)
  10 orc zombies (D:11)
  9 rats
  3 fire vortices (Volcano)
  A fungus (Lair:6)
  A plant (Sewer)
2071 creatures vanquished.

Vanquished Creatures (others)
  A deep elf master archer (Elf:3)
  A tengu reaver (Depths:3)
  A storm dragon (Depths:4)
  An unseen horror (D:13)
  A glowing orange brain (Depths:4)
  A necromancer (Depths:4)
  4 deep elf magi
  A yaktaur (Depths:3)
  A troll (D:13)
  A human (Swamp:3)
  A boggart (Depths:3)
  A centaur (Vaults:4)
  A briar patch (Swamp:4)
  A fire vortex (Volcano)
  7 fungi
  3 plants
27 creatures vanquished.

Grand Total: 2098 creatures vanquished

Table legend:
 A = Turns spent in this place as a percentage of turns spent in the entire game.
 B = Non-inter-level travel turns spent in this place as a percentage of non-inter-level travel turns spent in the entire game.
 C = Inter-level travel turns spent in this place as a percentage of turns spent in this place.
 D = Turns resting spent in this place as a percentage of non-inter-level travel turns spent in this place.
 E = Turns spent auto-exploring this place as a percentage of non-inter-level travel turns spent in this place.
 F = Non-inter-level travel turns spent in this place divided by the number of levels of this place that you've seen.
                   A       B       C       D       E      F
               +-------+-------+-------+-------+-------+----------------------
         Total | 100.0 | 100.0 |   6.8 |  22.3 |  50.3 | 1226.8
       Dungeon |  30.6 |  29.5 |  10.1 |  26.9 |  50.0 | 1207.9
        Temple |   0.3 |   0.2 |  20.5 |   0.0 |  98.0 | 147.0
          Lair |  10.9 |  10.9 |   6.8 |  10.9 |  62.1 | 1116.2
         Swamp |   5.8 |   6.0 |   3.5 |   8.8 |  54.6 | 917.8
     Snake Pit |   8.8 |   9.2 |   3.1 |  10.5 |  54.2 | 1404.5
  Orcish Mines |   2.8 |   2.3 |  21.1 |   5.3 |  61.1 | 720.0
   Elven Halls |   6.7 |   6.7 |   6.0 |  13.1 |  54.1 | 1376.7
        Vaults |  11.4 |  11.3 |   8.1 |  12.7 |  55.3 | 1726.8
         Crypt |   4.3 |   4.4 |   4.9 |  27.6 |  46.1 | 1343.5
        Depths |  13.0 |  13.6 |   2.5 |  40.8 |  41.1 | 2082.0
        Bazaar |   0.2 |   0.2 |   0.0 |   0.0 |  63.4 | 101.0
         Sewer |   1.2 |   1.2 |   0.0 |  19.6 |  45.7 | 762.0
      Ice Cave |   1.1 |   1.1 |   0.0 |  62.6 |   1.6 | 692.0
       Volcano |   0.9 |   1.0 |   0.0 |  49.4 |  11.0 | 617.0
        Wizlab |   2.2 |   2.3 |   0.0 |  46.5 |  26.6 | 1423.0
               +-------+-------+-------+-------+-------+----------------------
